 Dungeon Crawl Stone Soup version 0.27.1-1-g398f81649c (webtiles) character file.

Game seed: 14896054173267403668

7 Icepheonix32 the Grasshopper (level 2, 0/17 HPs)
             Began as a Kobold Warper on Sept 12, 2021.
             Slain by a jackal (2 damage)
             ... on level 1 of the Dungeon.
             The game lasted 00:00:25 (246 turns).

Icepheonix32 the Grasshopper (Kobold Warper)         Turns: 246, Time: 00:00:25

Health: 0/17       AC:  3    Str:  8    XL:     2   Next: 5%
Magic:  5/5        EV: 14    Int: 14    God:
Gold:   32         SH:  0    Dex: 14    Spells: 5/5 levels left

rFire    . . .     SeeInvis .   a - +0 short sword
rCold    . . .     Faith    .   (shield restricted)
rNeg     . . .     Spirit   .   b - +0 leather armour
rPois    .         Reflect  .   (no helmet)
rElec    .         Harm     .   (no cloak)
rCorr    .         Rampage  .   (no gloves)
Will     .....                  (no boots)
Stlth    ++........             (no amulet)
HPRegen  0.05/turn              (no ring)
MPRegen  0.09/turn              (no ring)

@: no status effects
A: small, no large weapons, nightstalker 3
a: no special abilities


You were on level 1 of the Dungeon.
You visited 1 branch of the dungeon, and saw 1 of its levels.

You collected 32 gold pieces.

Inventory:

Hand Weapons
 a - a +0 short sword (weapon)
Missiles
 d - 5 boomerangs of dispersal (quivered)
Armour
 b - a +0 leather armour (worn)
Scrolls
 c - a scroll of blinking


   Skills:
 - Level 2.1 Fighting
 + Level 3.0 Short Blades
 - Level 1.1 Throwing
 - Level 0.7 Armour
 * Level 2.9 Dodging
 + Level 0.4 Stealth
 - Level 2.1 Spellcasting
 - Level 3.0 Translocations


You had 5 spell levels left.
You didn't know any spells.
Your spell library contained the following spells:

 Spells                   Type           Power      Damage    Failure   Level
 Blink                    Tloc           N/A        N/A       14%         2
 Gell's Gravitas          Tloc           4%         N/A       28%         3
 Lesser Beckoning         Tloc           4%         N/A       28%         3
 Teleport Other           Tloc           9%         N/A       28%         3
 Manifold Assault         Tloc           9%         N/A       95%         5


Dungeon Overview and Level Annotations

Branches:
Dungeon (1/15)

Altars:


Innate Abilities, Weirdness & Mutations

You are small and have problems with some larger weapons.
You are completely attuned to the shadows.


Message History

The jackal bites you but does no damage.
The jackal misses you. The jackal barely misses you. x2
You closely miss the jackal. The jackal closely misses you.
The hobgoblin hits you.
* * * LOW HITPOINT WARNING * * *
The jackal completely misses you. x2; The jackal misses you.
You are too injured to fight recklessly!
You are too injured to fight recklessly!
You are too injured to fight recklessly!
You are too injured to fight recklessly!
You are too injured to fight recklessly!
You are too injured to fight recklessly!
You are too injured to fight recklessly!
You are too injured to fight recklessly!
You are too injured to fight recklessly!
You are too injured to fight recklessly!
You are too injured to fight recklessly!
Found a spear.
The hobgoblin closely misses you.
You closely miss the hobgoblin. You hit the hobgoblin.
The hobgoblin is lightly wounded.
The hobgoblin hits you but does no damage.
You completely miss the hobgoblin.
The hobgoblin is lightly wounded.
The hobgoblin hits you.
* * * LOW HITPOINT WARNING * * *
You closely miss the hobgoblin.
The hobgoblin is lightly wounded.
The hobgoblin closely misses you.
You hit the hobgoblin.
You kill the hobgoblin!
Your Short Blades skill increases to level 3!
You have reached level 2!
You aren't carrying any potions.
Unknown command.
You hit the jackal.
The jackal is severely wounded.
The jackal closely misses you. The jackal bites you.
You die...

###### #....#
.....###h...#
.....+@hh....
.....###..).#
...†!###....#
....hh...#...
....♣....#...
...♣.♣...# ..
..♣._.♣.##
##..♣.♣....
.####....♣.....


You could see 3 jackals.

Vanquished Creatures
  2 endoplasms (D:1)
  A hobgoblin (D:1)
  A jackal (D:1)
  A bat (D:1)
  A rat (D:1)
6 creatures vanquished.

Notes
Turn   | Place    | Note
-------+----------+-------------------------------------------
     0 | D:1      | Icepheonix32 the Kobold Warper began the quest for the Orb.
     0 | D:1      | Reached XP level 1. HP: 12/12 MP: 3/3
   212 | D:1      | Found a faded altar of an unknown god.
   246 | D:1      | Reached XP level 2. HP: 2/17 MP: 5/5
   246 | D:1      | Slain by a jackal

Illustrated notes

Levels and vault maps discovered:
D:1:      matt_arrival_spirals, layout_basic,
          chequers_ecumenical_altar_simple_redux

Skill      XL: |  1 |
---------------+----+-----
Short Blades   | 3 |  3.0
Fighting       | |  2.1
Throwing       | |  1.1
Armour         | |  0.7
Dodging        | |  2.9
Stealth        | |  0.4
Spellcasting   | |  2.1
Translocations | |  3.0

Action                   || total
-------------------------++-------
Melee: Short sword       ||    27
 Stab: Sleeping          ||     2
Armor: Leather armour    ||     4
Dodge: Dodged            ||    31
